 Dungeon Crawl Stone Soup version 0.29.1-12-g30fa7ad0bf (webtiles) character file.

Game seed: 584519604490571656

3388 raph the Geomancer (level 9, -14/55 HPs)
             Began as a Deep Elf Earth Elementalist on Dec 20, 2022.
             Was a Follower of Vehumet.
             Killed from afar by Maurice (20 damage)
             ... with a bolt of dispelling energy
             ... on level 8 of the Dungeon.
             The game lasted 00:15:01 (8330 turns).

raph the Geomancer (Deep Elf Earth Elementalist)    Turns: 8330, Time: 00:15:01

Health: -14/55     AC:  7    Str:  5    XL:     9   Next: 74%
Magic:  10/33      EV: 16    Int: 31    God:    Vehumet [*.....]
Gold:   264        SH:  0    Dex: 15    Spells: 9/27 levels left

rFire   . . .      SeeInvis .   l - +1 short sword (vamp)
rCold   + . .      Faith    .   (no shield)
rNeg    . . .      Spirit   .   c - +2 robe {rC+}
rPois   .          Reflect  .   (no helmet)
rElec   .          Harm     .   x - +0 cloak
rCorr   .          Rampage  .   n - +0 pair of gloves
Will    .....                   o - +0 pair of boots
Stlth   ++........              (no amulet)
HPRegen 0.18/turn               s - +6 ring of intelligence
MPRegen 0.23/turn               g - ring of magical power

@: no status effects
A: no striking features
a: Renounce Religion


You were on level 8 of the Dungeon.
You worshipped Vehumet.
Vehumet was aware of your devotion.
You visited 2 branches of the dungeon, and saw 8 of its levels.

You collected 264 gold pieces.

Inventory:

Hand Weapons
 l - a +1 vampiric short sword (weapon)
Missiles
 C - 5 poisoned darts
Armour
 a - a +0 robe
 c - a +2 robe of cold resistance (worn)
 n - a +0 pair of gloves (worn)
 o - a +0 pair of boots (worn)
 v - the +18 Lear's hauberk
   (You found it on level 4 of the Dungeon)
 x - a +0 cloak (worn)
Jewellery
 e - a ring of protection from fire
 g - a ring of magical power (right hand)
 j - a ring of protection from fire
 s - a +6 ring of intelligence (left hand)
 D - a ring of magical power
Wands
 F - a wand of charming (1)
Scrolls
 b - a scroll of magic mapping
 r - a scroll of enchant weapon
 w - a scroll of brand weapon
 z - a scroll of teleportation
Potions
 f - 2 potions of degeneration {unknown}
 h - 2 potions of heal wounds {unknown}
 i - 3 potions of flight
 k - 2 potions of mutation
 m - 2 potions of curing
 p - a potion of brilliance {unknown}
 q - a potion of haste
 t - 2 potions of cancellation {unknown}
 u - a potion of magic
 A - a potion of might {unknown}
 B - a potion of attraction {unknown}
 E - a potion of invisibility {unknown}


   Skills:
 + Level 5.8 Fighting
 + Level 8.8 Dodging
 - Level 2.4 Stealth
 + Level 9.7 Spellcasting
 * Level 5.0 Conjurations
 - Level 1.1 Transmutations
 - Level 10.8 Earth Magic


You had 9 spell levels left.
You knew the following spells:

 Your Spells              Type           Power      Damage    Failure   Level
a - Sandblast             Erth           100%       2d20      1%          1
b - Passwall              Tmut/Erth      42%        N/A       1%          2
c - Stone Arrow           Conj/Erth      100%       3d13      1%          3
d - Petrify               Tmut/Erth      51%        N/A       3%          4
e - Dazzling Flash        Conj/Hex       60%        N/A       3%          3
f - Iskenderun's Mystic   Conj/Tloc      30%        2d8       12%         4
g - Magic Dart            Conj           100%       1d8       1%          1

Your spell library contained the following spells:

 Spells                   Type           Power      Damage    Failure   Level
 Apportation              Tloc           30%        N/A       3%          1
 Necrotise                Necr           60%        1d7       3%          1
 Slow                     Hex            60%        N/A       3%          1
 Summon Small Mammal      Summ           60%        N/A       3%          1
 Poisonous Vapours        Pois/Air       30%        N/A       4%          2
 Call Canine Familiar     Summ           15%        N/A       10%         3
 Confusing Touch          Hex            15%        N/A       10%         3
 Summon Guardian Golem    Hex/Summ       15%        N/A       10%         3
 Vampiric Draining        Necr           15%        2d7       10%         3
 Corpse Rot               Necr/Pois/Air  15%        N/A       32%         4
 Starburst                Conj/Fire      15%        6d6       88%         6


Dungeon Overview and Level Annotations

Branches:
Dungeon (6/15)             Temple (1/1) D:5

Altars:
Ashenzari
Cheibriados
Dithmenos
Elyvilon
Fedhas
Gozag
Hepliaklqana
Makhleb
Okawaru
Qazlal
Ru
Sif Muna
Trog
Uskayaw
Vehumet
Wu Jian
Xom
Zin
The Shining One

Annotations:
D:8 Maurice


Message History

Maurice flickers and vanishes!
Deactivating autopickup; reactivate with Ctrl-A.
You hear some strange, mumbled words.
Maggie gestures wildly while chanting.
Maggie attempts to bespell you! You resist.
Casting: Sandblast (safe; 1% risk of failure)
Confirm with . or Enter, or press ? or * to list all spells.
Aiming: Stone Arrow (safe; 1% risk of failure)
Press: ? - help, Shift-Dir - straight line, f/p - Maggie
Aim: Maggie, wielding a +0 long sword of protection and wearing +0 swamp dragon scales (almost dead, 81% to hit)
The stone arrow hits Maggie.
Maggie is almost dead.
Maggie hits you with a +0 long sword of protection!
* * * LOW HITPOINT WARNING * * *
Casting: Stone Arrow (safe; 1% risk of failure)
Confirm with . or Enter, or press ? or * to list all spells.
Aiming: Stone Arrow (safe; 1% risk of failure)
Press: ? - help, Shift-Dir - straight line, f/p - Maggie
Aim: Maggie, wielding a +0 long sword of protection and wearing +0 swamp dragon scales (almost dead, 81% to hit)
The stone arrow hits Maggie!
You kill Maggie!
Vehumet accepts your kill.
You hear a zap.
A bolt of dispelling energy appears from out of thin air!
The bolt of dispelling energy hits you.
* * * LOW HITPOINT WARNING * * *
Your Conjurations skill increases to level 5!
Okay, then.
Really read the scroll of poison?
You can't even see any enemies this would affect.
The air fills with toxic fumes!
As you read the scroll of poison, it crumbles to dust.
Okay, then.
Casting: Stone Arrow (safe; 1% risk of failure)
Confirm with . or Enter, or press ? or * to list all spells.
Aiming: Stone Arrow (safe; 1% risk of failure)
Press: ? - help, Shift-Dir - straight line You hear a zap.
A bolt of dispelling energy appears from out of thin air!
The bolt of dispelling energy hits you!!
You die...

##### ...#. # #.#.. ... .
§§§§.. #.#.# #.#
.###§§#.##.#.# #.#.#
#.#+#.#§§§§§§§ .§.. #.#.#
#.§...#§§§§#§##§§# # ..#.#
#.§§§.#§§§§§§§§.. .. #.#.#
#.§§§§#§§§§§§#§##.## ..#.#
#.§§§§§§§§§§§.§§§... ....#
#.#§§§§§§@§§§{§§§...
....####.##§§§####§§§###.#
..........#§#.# #.#§§§§...
.##########.#.# #.#.###...
............#.# #.#.# # #
#....)...#.# #.#..
#...)......####.###
#..)####.##...#.######
#...#.....+...'......>.


There were no monsters in sight!

Vanquished Creatures
  A two-headed ogre (D:6)
  Maggie (D:8)
  A shadow (D:6)
  A steam dragon (D:4)
  Menkaure (D:5)
  Edmund (D:6)
  A water moccasin (D:6)
  An orc warrior (D:8)
  A black bear (D:5)
  4 ogres
  A kobold brigand (D:6)
  A necrophage (D:6)
  2 scorpions
  3 wights (D:6)
  2 electric eels (D:8)
  2 orc priests
  3 iguanas
  6 orc wizards
  15 adders
  A white imp (D:5)
  A worm (D:5)
  3 dart slugs (D:2)
  21 orcs
  3 endoplasms
  8 giant cockroaches
  6 goblins
  5 hobgoblins
  5 jackals
  7 kobolds
  2 quokkas (D:1)
  5 ball pythons
  9 bats
  6 frilled lizards
  2 rats (D:1)
132 creatures vanquished.

Vanquished Creatures (others)
  An orc (D:8)
  26 plants (D:6)
27 creatures vanquished.

Grand Total: 159 creatures vanquished

Notes
Turn   | Place    | Note
-------+----------+-------------------------------------------
     0 | D:1      | raph the Deep Elf Earth Elementalist began the quest for
                  | the Orb.
     0 | D:1      | Reached XP level 1. HP: 10/10 MP: 6/6
     4 | D:1      | Noticed a draconian
    15 | D:1      | Noticed a merfolk
    15 | D:1      | Noticed a draconian
    17 | D:1      | Noticed a barachi
   330 | D:1      | Reached skill level 4 in Earth Magic
   330 | D:1      | Reached XP level 2. HP: 15/15 MP: 6/8
   351 | D:1      | Learned a level 2 spell: Passwall
   718 | D:1      | Reached XP level 3. HP: 16/19 MP: 5/9
   780 | D:1      | Learned a level 3 spell: Stone Arrow
  1186 | D:2      | Reached skill level 5 in Earth Magic
  1674 | D:2      | Reached XP level 4. HP: 24/24 MP: 6/10
  2140 | D:2      | Reached skill level 6 in Earth Magic
  2436 | D:3      | Found a hide-covered altar of Uskayaw.
  3371 | D:3      | Reached XP level 5. HP: 28/28 MP: 11/11
  3389 | D:3      | Learned a level 4 spell: Petrify
  3723 | D:3      | Reached skill level 7 in Earth Magic
  3954 | D:4      | Noticed a steam dragon
  3960 | D:4      | Killed a steam dragon
  3961 | D:4      | Reached XP level 6. HP: 9/32 MP: 11/12
  4270 | D:4      | Reached skill level 8 in Earth Magic
  4309 | D:4      | Found the +18 Lear's hauberk
  4991 | D:5      | Entered Level 5 of the Dungeon
  4999 | D:4      | Reached skill level 5 in Fighting
  4999 | D:4      | Reached skill level 10 in Earth Magic
  4999 | D:4      | Reached XP level 7. HP: 44/44 MP: 21/21
  5331 | D:5      | Learned a level 3 spell: Dazzling Flash
  5336 | D:5      | Learned a level 4 spell: Iskenderun's Mystic Blast
  5392 | D:5      | Found a shimmering altar of Xom.
  5583 | D:5      | Noticed Menkaure
  5586 | D:5      | Killed Menkaure
  5587 | D:5      | Reached skill level 1 in Conjurations
  5587 | D:5      | Reached XP level 8. HP: 49/49 MP: 21/22
  5653 | D:5      | Found a staircase to the Ecumenical Temple.
  5665 | Temple   | Entered the Ecumenical Temple
  5982 | Temple   | Became a worshipper of Vehumet
  6137 | D:5      | Found a glowing golden altar of the Shining One.
  6581 | D:5      | Found a hazy altar of Hepliaklqana.
  6753 | D:6      | Noticed Edmund
  6761 | D:6      | Killed Edmund
  6881 | D:6      | Noticed a two-headed ogre
  6891 | D:6      | Killed a two-headed ogre
  6892 | D:6      | Reached XP level 9. HP: 52/54 MP: 12/24
  7469 | D:6      | Found a bloodstained altar of Trog.
  7566 | D:6      | Reached * piety under Vehumet
  7566 | D:6      | Offered knowledge of Magic Dart by Vehumet.
  7581 | D:6      | Learned a level 1 spell: Magic Dart
  7984 | D:6      | You fall into a shaft and drop 2 floors!
  8114 | D:8      | Found a white marble altar of Elyvilon.
  8307 | D:8      | Noticed Maggie
  8317 | D:8      | Noticed Maurice
  8328 | D:8      | Killed Maggie
  8329 | D:8      | Reached skill level 5 in Conjurations
  8330 | D:8      | Killed from afar by Maurice

Illustrated notes

Levels and vault maps discovered:
D:1:      shiori_arrival_whats_in_store_for_you, layout_basic
D:2:      layout_basic
D:3:      kennysheep_big_flooded_room, layout_loops_ring,
          eat_drink_and_be_merry_uskayaw
D:4:      layout_loops_ring, portal_sewer_entry_d
D:5:      layout_loops_cross, tso_metal_star, mainiacjoe_overflow_alcove_4,
          lemuel_doored_altar, minmay_temple_entry_poolview, minivault_24,
          uniq_menkaure
D:6:      minmay_chambers_of_sixes, layout_basic,
          mainiacjoe_overflow_cross_hatched, hangedman_decor_clover_reticule,
          uniq_edmund
D:8:      layout_basic, mainiacjoe_overflow_paths, enter_bailey_2, minivault_14,
          nicolae_diode_stairs, uniq_maggie, uniq_maurice
Temple:   nicolae_temple_figure_eight

Skill      XL: |  1  2  3  4  5  6  7  8  9 |
---------------+----------------------------+-----
Earth Magic    | 4 5 6 7 10 | 10.8
Fighting       | 5 |  5.8
Dodging        | 7 8 |  8.8
Spellcasting   | 8 9 |  9.7
Conjurations   | 1 3 5 |  5.0
Stealth        | |  2.4
Transmutations | |  1.1

Action                   |  1- 3 |  4- 6 |  7- 9 || total
-------------------------+-------+-------+-------++-------
Melee: Short sword       |       |     4 |       ||     4
 Cast: Sandblast         |    60 |    22 |    40 ||   122
       Stone Arrow       |     4 |    30 |    70 ||   104
       Petrify           |       |     4 |    22 ||    26
       Magic Dart        |       |       |     3 ||     3
       Iskenderun's Myst |       |       |     1 ||     1
Evoke: Wand              |       |       |     2 ||     2
  Use: Scroll            |       |    12 |     5 ||    17
       Potion            |       |     3 |       ||     3
 Stab: Petrified         |       |     2 |       ||     2
       Petrifying        |       |     1 |       ||     1
Armor: Robe              |    12 |    10 |     5 ||    27
Dodge: Dodged            |    19 |     3 |    21 ||    43
